[Event "WALTON 1st Div Women League 2023"]
[Site "Dhaka"]
[Date "2023.03.25"]
[Round "4.10"]
[White "Neelava, Choudhury"]
[Black "Ahmed, Walijah"]
[Result "0-1"]
[ECO "B44"]
[WhiteElo "1522"]
[BlackElo "1920"]
[Annotator "TA"]
[PlyCount "88"]
[EventDate "2023.03.22"]
[EventType "team-tourn"]
[EventCountry "BAN"]
[SourceTitle "playchess.com"]
[Source "ChessBase"]
[SourceQuality "1"]
[TimeControl "5400+30"]

1. e4 c5 2. Nf3 e6 3. d4 cxd4 4. Nxd4 Nc6 5. c4 Nf6 6. Nc3 Bb4 7. Nxc6 bxc6 8. Bd3 e5 9. O-O O-O 10. Bg5 {[%emt 0:01:03] 10.h3 is setting a new trend.} h6 {[%emt 0:00:31] B44: Sicilian: Taimanov: 5 Nb5.} 11. Bh4 Bxc3 12. bxc3 d6 {[%emt 0:00:13] [#] The position is equal.} 13. Qd2 $146 ({Predecessor:} 13. Bc2 c5 14. Qd2 Qe7 15. Rfd1 Rd8 16. f3 Be6 17. Qe2 g5 18. Bf2 Rab8 19. Ba4 {0-1 Katzir,M (2159)-Chan,K (2303) Titled Tuesday intern op 09th Feb blitz 2021 (5)}) 13... g5 (13... Be6 {seems wilder.} 14. f3 Nxe4 15. Bxe4 Qxh4 16. Qxd6 Qg5) 14. Bg3 c5 15. Rfd1 Qe7 16. Rab1 Be6 17. Qe3 Nh5 18. Be2 Nf4 19. Bxf4 gxf4 20. Qf3 Kh7 21. Qh5 (21. Qd3 $11) 21... Rg8 $15 22. Rd2 (22. Kh1 $142) 22... Rg5 $1 $17 23. Qf3 Rag8 {[%emt 0:03:16] And now ...Rxg2+ would win.} 24. Bf1 R5g6 (24... Rh5 $17 25. g3 (25. Qxh5 Bg4 $17) 25... Rhg5) 25. Qd3 $2 (25. Qd1 $15) 25... Qh4 $19 26. Kh1 {[%emt 0:04:18] [#]} (26. Qxd6 $2 Bh3 $19) (26. Rb7 Rg5 27. a4 (27. h3 $2 Bxh3 28. f3 R8g7 $19) 27... Rh5 $19) 26... Bh3 $2 27. f3 $1 $15 {[%emt 0:04:07] [#]} (27. gxh3 $2 Rg1#) (27. Qxh3 $2 {is the wrong capture.} Qxh3 28. g3 Qh4 $19) 27... R8g7 $1 28. Qe2 (28. Rc2 Bd7) 28... Qh5 29. Qf2 {[%emt 0:01:58] Prevents Qh4} Bxg2+ 30. Bxg2 Rxg2 $40 {[%emt 0:00:05][%mdl 128] Black has some attack.} 31. Qxg2 Rxg2 32. Kxg2 $11 {[%emt 0:00:15][%mdl 4096] Endgame KQ-KRR} Qg6+ 33. Kh1 Qe6 34. Rd5 $2 (34. Rg2 $11) 34... Qh3 $19 35. Rd3 Qe6 $2 (35... d5 $19 {has better winning chances.} 36. cxd5 (36. Rxd5 $2 {too greedy.} Qxf3+ 37. Kg1 Qe3+ 38. Kf1 f3 $19) 36... c4 {[%mdl 64] Deflection}) 36. Rd5 $17 h5 {[%emt 0:01:14] Threatens to win with ...Qh3.} 37. Rg1 $2 (37. Rb2 $17) 37... Qh3 $19 38. Rd3 {[%emt 0:00:00] [#]} d5 $1 39. Rg2 (39. cxd5 c4) 39... dxe4 {[%emt 0:04:24] Black mates.} ({Worse is} 39... dxc4 40. Rd6 $11) 40. Rd5 exf3 41. Rf2 e4 42. Rd1 e3 43. Rb2 f2 44. Rbb1 Qf3# {[%emt 0:00:00] Excellently played by Ahmed!   Weighted Error Value: White=0.64/Black=0.21 (precise)} 0-1

[Event "WALTON 1st Div Women League 2023"]
[Site "Dhaka"]
[Date "2023.03.25"]
[Round "4.11"]
[White "Noshin, Anjum"]
[Black "Sabikun Nahar, Tonima"]
[Result "1-0"]
[ECO "B12"]
[WhiteElo "1877"]
[BlackElo "1515"]
[Annotator "NA RC COMBH"]
[PlyCount "87"]
[EventDate "2023.03.22"]
[EventType "team-tourn"]
[EventCountry "BAN"]
[SourceTitle "playchess.com"]
[Source "ChessBase"]
[SourceQuality "1"]
[TimeControl "5400+30"]

1. e4 c6 2. d4 d5 3. e5 c5 4. dxc5 e6 5. a3 Nd7 6. b4 Nxe5 7. Bb2 Ng6 8. Nf3 Nf6 9. h4 h5 10. g3 b6 11. Bb5+ Ke7 12. Ne5 Nxe5 13. Bxe5 Ne8 14. Bc6 f6 15. Bd6+ Nxd6 16. Bxa8 bxc5 17. bxc5 Qa5+ 18. Qd2 Qxc5 19. O-O Bd7 20. Qc3 Qb6 21. Qb4 Qd8 22. Bb7 Kf7 23. Qb3 Qc7 24. Ba6 Ne4 25. Be2 Bd6 26. Kg2 g6 27. Bf3 Rb8 28. Qe3 Kg7 29. Bxe4 dxe4 30. Nd2 Be5 31. Rab1 Rc8 32. Nxe4 Bc6 33. Kg1 Bxe4 34. Qxe4 Qc5 35. Rb7+ Rc7 36. Rxc7+ Qxc7 37. Rb1 Kh6 38. Rb7 Qa5 39. Qe3+ g5 40. hxg5+ fxg5 41. Qe4 Bg7 42. Qxe6+ Kh7 43. Qf6 Qe1+ 44. Kh2 1-0

[Event "WALTON 1st Div Women League 2023"]
[Site "Dhaka"]
[Date "2023.03.25"]
[Round "4.13"]
[White "Nargis, Kaumudi"]
[Black "Nazmin, Akter"]
[Result "1-0"]
[ECO "D02"]
[WhiteElo "1253"]
[BlackElo "1258"]
[Annotator "NA RC COMBH"]
[PlyCount "179"]
[EventDate "2023.03.22"]
[EventType "team-tourn"]
[EventCountry "BAN"]
[SourceTitle "playchess.com"]
[Source "ChessBase"]
[SourceQuality "1"]
[TimeControl "5400+30"]

1. d4 d5 2. Nf3 Nf6 3. b3 c6 4. Bb2 Ne4 5. c3 g6 6. Nfd2 Nd6 7. e3 Bg7 8. Be2 Nd7 9. O-O O-O 10. Bf3 Re8 11. Re1 e5 12. e4 dxe4 13. Nxe4 Nf5 14. d5 cxd5 15. Qxd5 Nb6 16. Qxd8 Rxd8 17. Nbd2 Be6 18. Rad1 Nd5 19. Nc5 Bc8 20. c4 Nb4 21. Bxe5 Bxe5 22. Rxe5 Rb8 23. a3 Nc2 24. Nce4 Nxa3 25. Nf6+ Kg7 26. Nd5 Nc2 27. g4 Nfd4 28. h3 Nxf3+ 29. Nxf3 Be6 30. Rd2 Na1 31. Ra2 Nxb3 32. Rxa7 Nc5 33. Ne1 b5 34. f4 bxc4 35. Ne7 Rd1 36. f5 gxf5 37. gxf5 Kf6 38. Rxc5 Rxe1+ 39. Kf2 Rbb1 40. fxe6 Rf1+ 41. Kg3 fxe6 42. Ng8+ Kg6 43. Ne7+ Kf6 44. Ng8+ Kg6 45. Rxc4 Kh5 46. Rh4+ Kg6 47. Rg4+ Kh5 48. Ra5+ Rf5 49. Rh4+ Kg6 50. Ne7+ Kg5 51. Nxf5 exf5 52. Ra7 Rg1+ 53. Kh2 Kxh4 54. Kxg1 h5 55. Ra4+ Kg3 56. Ra3+ Kh4 57. Kh2 f4 58. Rf3 Kg5 59. Kg2 h4 60. Kf2 Kf5 61. Ke2 Ke4 62. Rf2 Ke5 63. Kf3 Kf5 64. Ra2 Ke5 65. Ra5+ Kf6 66. Rh5 Kg6 67. Rxh4 Kg5 68. Rg4+ Kh5 69. Rxf4 Kg5 70. h4+ Kh5 71. Kg3 Kh6 72. Rf5 Kg6 73. Rg5+ Kh6 74. Kg4 Kh7 75. h5 Kh6 76. Rg6+ Kh7 77. Kg5 Kh8 78. h6 Kh7 79. Re6 Kg8 80. Kg6 Kf8 81. Kf6 Kg8 82. Re7 Kf8 83. Ke6 Kg8 84. Rg7+ Kh8 85. Rf7 Kg8 86. Kf6 Kh8 87. Rb7 Kg8 88. Kg6 Kf8 89. h7 Ke8 90. h8=Q# 1-0

[Event "WALTON 1st Div Women League 2023"]
[Site "Dhaka"]
[Date "2023.03.25"]
[Round "4.14"]
[White "Essaba, Masnun"]
[Black "Sharmin, Khan"]
[Result "1-0"]
[ECO "B23"]
[WhiteElo "1325"]
[BlackElo "1290"]
[Annotator "NA RC COMBH"]
[PlyCount "139"]
[EventDate "2023.03.22"]
[EventType "team-tourn"]
[EventCountry "BAN"]
[SourceTitle "playchess.com"]
[Source "ChessBase"]
[SourceQuality "1"]
[TimeControl "5400+30"]

1. e4 c5 2. Nc3 Nc6 3. f4 e6 4. Nf3 d6 5. Bb5 Bd7 6. O-O Nge7 7. d3 a6 8. Ba4 Ng6 9. Qe1 Be7 10. e5 O-O 11. exd6 Bxd6 12. g3 Nd4 13. Nxd4 cxd4 14. Bxd7 Qxd7 15. Ne4 Rac8 16. Qe2 Rfe8 17. Nxd6 Qxd6 18. b3 Re7 19. Bb2 f5 20. Qf2 Rec7 21. Rac1 Ne7 22. Bxd4 Nc6 23. Bb2 Nb4 24. Be5 Qd5 25. Bxc7 Rxc7 26. a3 Na2 27. Rce1 Re7 28. Re5 Qd6 29. Rfe1 Nc3 30. Qc5 Qxc5+ 31. Rxc5 Nb5 32. a4 Nc7 33. d4 Kf7 34. d5 Nxd5 35. Kf2 Kf6 36. h4 h5 37. a5 Rc7 38. Rxc7 Nxc7 39. Ke3 Nd5+ 40. Kd4 Nb4 41. Kc3 Nd5+ 42. Kc4 Ke7 43. Kc5 Nf6 44. Kb6 Ne4 45. Re3 Nd6 46. Rc3 Kf6 47. Rc7 Ne8 48. Rxb7 e5 49. fxe5+ Kxe5 50. Re7+ Kf6 51. Rxe8 Kf7 52. Re2 Kf6 53. c4 g5 54. hxg5+ Kxg5 55. c5 Kg4 56. Re3 f4 57. gxf4 Kxf4 58. Rh3 Kg4 59. Rxh5 Kxh5 60. c6 Kg5 61. c7 Kf5 62. c8=Q+ Ke5 63. Qxa6 Kd4 64. Qc4+ Ke5 65. a6 Kd6 66. a7 Ke5 67. a8=Q Kf5 68. Qae4+ Kg5 69. Qf7 Kh6 70. Qfg6# 1-0

[Event "WALTON 1st Div Women League 2023"]
[Site "Dhaka"]
[Date "2023.03.25"]
[Round "4.15"]
[White "Mahjabeen, Islam"]
[Black "Warisa Haider"]
[Result "1-0"]
[ECO "C50"]
[WhiteElo "1180"]
[BlackElo "1302"]
[Annotator "NA RC COMBH"]
[PlyCount "87"]
[EventDate "2023.03.22"]
[EventType "team-tourn"]
[EventCountry "BAN"]
[SourceTitle "playchess.com"]
[Source "ChessBase"]
[SourceQuality "1"]
[TimeControl "5400+30"]

1. e4 e5 2. Nf3 Nc6 3. Bc4 Bc5 4. Nc3 Nf6 5. d3 d6 6. Be3 Bb6 7. Qe2 Be6 8. h3 Bxc4 9. dxc4 Bxe3 10. Qxe3 Qd7 11. b3 Nb4 12. Qe2 O-O 13. a3 Nc6 14. Nd5 Nxd5 15. cxd5 Ne7 16. c4 c6 17. O-O cxd5 18. cxd5 f5 19. Ng5 Ng6 20. Qh5 h6 21. Ne6 Rf6 22. exf5 Nf8 23. g4 Rc8 24. f4 Qb5 25. fxe5 dxe5 26. g5 hxg5 27. Qxg5 Nxe6 28. dxe6 Qb6+ 29. Kh1 Qc6+ 30. Qg2 Qxg2+ 31. Kxg2 Rcf8 32. Kg3 Rxf5 33. Rxf5 Rxf5 34. Rd1 Rf6 35. Rd8+ Rf8 36. e7 Rxd8 37. exd8=Q+ Kh7 38. Qg5 e4 39. Kg4 Kh8 40. Kf5 Kg8 41. Qe7 Kh7 42. Kg5 Kh8 43. Kg6 Kg8 44. Qxg7# 1-0

[Event "WALTON 1st Div Women League 2023"]
[Site "Dhaka"]
[Date "2023.03.26"]
[Round "5.1"]
[White "Nazmin, Akter"]
[Black "Rashma, Alam"]
[Result "1-0"]
[ECO "D02"]
[WhiteElo "1258"]
[BlackElo "1047"]
[Annotator "NA RC COMBH"]
[PlyCount "85"]
[EventDate "2023.03.22"]
[EventType "team-tourn"]
[EventCountry "BAN"]
[SourceTitle "playchess.com"]
[Source "ChessBase"]
[SourceQuality "1"]
[TimeControl "5400+30"]

1. d4 d5 2. Nf3 e6 3. g3 Nc6 4. Bg2 g6 5. c3 Nf6 6. Bg5 Bg7 7. Ne5 Nxe5 8. dxe5 h6 9. Bxf6 Bxf6 10. exf6 Qxf6 11. Nd2 b6 12. Nf3 Bb7 13. Nd4 a6 14. a4 h5 15. Nf3 g5 16. Qd4 Qh6 17. Qe5 O-O-O 18. Nxg5 Qg6 19. h4 f6 20. Qxe6+ Kb8 21. Nf3 Rhe8 22. Qh3 Qc2 23. O-O Rxe2 24. Nd4 Qxb2 25. Nxe2 Qxe2 26. Qf5 Rd6 27. Rfe1 Qc4 28. Rec1 a5 29. Qxh5 Ka7 30. Bf1 Qc5 31. c4 Qd4 32. cxd5 Bxd5 33. Rxc7+ Kb8 34. Rac1 Bc6 35. Qf7 Rd7 36. Rxd7 Bxd7 37. Qc4 Qd6 38. Qc2 f5 39. Rd1 Qe6 40. Bg2 Qf7 41. Rd6 b5 42. Rb6+ Ka7 43. Qc7# 1-0

[Event "WALTON 1st Div Women League 2023"]
[Site "Dhaka"]
[Date "2023.03.26"]
[Round "5.2"]
[White "Sanjeedah, Khanam Mitul"]
[Black "Essaba, Masnun"]
[Result "0-1"]
[ECO "B10"]
[WhiteElo "1165"]
[BlackElo "1325"]
[Annotator "NA RC COMBH"]
[PlyCount "136"]
[EventDate "2023.03.22"]
[EventType "team-tourn"]
[EventCountry "BAN"]
[SourceTitle "playchess.com"]
[Source "ChessBase"]
[SourceQuality "1"]
[TimeControl "5400+30"]

1. e4 c6 2. Bc4 d5 3. exd5 cxd5 4. Bb5+ Nc6 5. Nf3 a6 6. Ba4 b5 7. Bb3 Bf5 8. d3 e6 9. O-O Nf6 10. Re1 Be7 11. Ne5 Nxe5 12. Rxe5 O-O 13. Qf3 Bg6 14. Bg5 h6 15. Qh3 hxg5 16. Rxg5 Nh7 17. Rg3 Ng5 18. Qg4 f5 19. Qe2 Bf7 20. h4 Nh7 21. Qe5 Bf6 22. Qf4 Bxh4 23. Rh3 Bf6 24. c3 Bg6 25. Nd2 Bg5 26. Qe5 Bf6 27. Qh2 Kf7 28. g3 Rh8 29. Qg2 Rc8 30. Re1 Re8 31. g4 fxg4 32. Qxg4 Bf5 33. Qh5+ Bg6 34. Qf3 Ng5 35. Qg3 Nxh3+ 36. Qxh3 Qd6 37. Qe3 Bf5 38. Qa7+ Re7 39. Qe3 Rh8 40. Kf1 Rh1+ 41. Ke2 Rxe1+ 42. Kxe1 Qe5 43. Nf3 Qxe3+ 44. fxe3 Bxd3 45. Kd2 Bg6 46. a4 bxa4 47. Bxa4 Rb7 48. b4 Ke7 49. Bc6 Rb6 50. Ba4 Be8 51. Bc2 Rc6 52. Nd4 Bxd4 53. exd4 Rc7 54. Kd3 Bg6+ 55. Kd2 Bxc2 56. Kxc2 g5 57. Kb3 g4 58. Ka4 g3 59. Ka5 Rc6 60. b5 axb5 61. Kxb5 Rxc3 62. Kb4 Rc4+ 63. Kb3 g2 64. Kb2 g1=Q 65. Ka3 Qa1+ 66. Kb3 Qc3+ 67. Ka2 Ra4+ 68. Kb1 Ra1# 0-1

[Event "WALTON 1st Div Women League 2023"]
[Site "Dhaka"]
[Date "2023.03.26"]
[Round "5.3"]
[White "Warisa Haider"]
[Black "Monika, Kundu"]
[Result "0-1"]
[ECO "C55"]
[WhiteElo "1302"]
[BlackElo "1333"]
[Annotator "NA RC COMBH"]
[PlyCount "58"]
[EventDate "2023.03.22"]
[EventType "team-tourn"]
[EventCountry "BAN"]
[SourceTitle "playchess.com"]
[Source "ChessBase"]
[SourceQuality "1"]
[TimeControl "5400+30"]

1. e4 e5 2. Nf3 Nc6 3. Bc4 h6 4. O-O Nf6 5. d3 d6 6. h3 Be6 7. Bb3 Qd7 8. Nc3 O-O-O 9. Be3 g5 10. Bxe6 Qxe6 11. Nh2 d5 12. exd5 Nxd5 13. Nxd5 Qxd5 14. Qg4+ Kb8 15. a3 Bd6 16. Rad1 h5 17. Qxg5 Rdg8 18. c4 Qe6 19. Qh4 f5 20. Bg5 Qg6 21. c5 Be7 22. Nf3 Bxg5 23. Nxg5 Qxg5 24. Qxg5 Rxg5 25. h4 Rg4 26. g3 Rhg8 27. Kh2 f4 28. Rg1 Nd4 29. Kh3 Nf5 0-1

[Event "WALTON 1st Div Women League 2023"]
[Site "Dhaka"]
[Date "2023.03.26"]
[Round "5.5"]
[White "Nusrat, Jahan Liza"]
[Black "Nargis, Kaumudi"]
[Result "1/2-1/2"]
[ECO "B12"]
[WhiteElo "1573"]
[BlackElo "1253"]
[Annotator "NA RC COMBH"]
[PlyCount "173"]
[EventDate "2023.03.22"]
[EventType "team-tourn"]
[EventCountry "BAN"]
[SourceTitle "playchess.com"]
[Source "ChessBase"]
[SourceQuality "1"]
[TimeControl "5400+30"]

1. e4 d6 2. d4 c6 3. Nf3 Qc7 4. Bf4 Nd7 5. Bc4 b5 6. Bb3 h6 7. O-O e5 8. dxe5 dxe5 9. Bg3 Ngf6 10. Re1 Bd6 11. h3 Nc5 12. Nbd2 O-O 13. c3 Nd3 14. Re2 Nh5 15. Nf1 Ndf4 16. Rd2 Bc5 17. Bxf4 Nxf4 18. Ng3 Bxh3 19. gxh3 Nxh3+ 20. Kg2 Nf4+ 21. Kh2 Rae8 22. Qg1 Kh7 23. Rad1 Qb6 24. Nf5 g6 25. Nd6 Re7 26. Qg3 f6 27. Nh4 Rg7 28. Rg1 Bxd6 29. Rxd6 Qc7 30. Rgd1 a5 31. Ng2 Nh5 32. Qg4 Qb6 33. R1d2 a4 34. Bd5 f5 35. exf5 Rxf5 36. Rxc6 Qb8 37. Be4 Rg5 38. Qe6 Qf8 39. Rc8 Rxg2+ 40. Bxg2 Qf4+ 41. Kg1 Qxd2 42. Qxe5 Qd1+ 43. Kh2 Qg4 44. Qb8 Qf4+ 45. Kg1 Qc1+ 46. Kh2 Qf4+ 47. Qxf4 Nxf4 48. Rb8 Nd3 49. Rxb5 Nxf2 50. c4 Re7 51. c5 Ng4+ 52. Kg3 h5 53. Rb7 Rxb7 54. Bxb7 Nf6 55. b4 axb3 56. axb3 Nd7 57. c6 Nb6 58. Ba6 Na8 59. b4 Nc7 60. Bc4 Kg7 61. b5 Na8 62. Bd5 Nb6 63. c7 Kf8 64. Bb7 Ke7 65. c8=Q Nxc8 66. Bxc8 Kd8 67. Be6 g5 68. Bf7 h4+ 69. Kg4 Kc7 70. Bc4 Kb6 71. Be2 Kc5 72. Bf1 Kb6 73. Kh3 Kc5 74. Bd3 Kb6 75. Kg4 Kc5 76. Bc4 Kb6 77. Bf1 Kc5 78. Kh3 Kb6 79. Be2 Kc5 80. Bd3 Kb6 81. Kg4 Kc5 82. Bf1 Kb6 83. Kxg5 h3 84. Kg4 h2 85. Bg2 Kxb5 86. Kg3 h1=Q 87. Bxh1 1/2-1/2

[Event "WALTON 1st Div Women League 2023"]
[Site "Dhaka"]
[Date "2023.03.26"]
[Round "5.6"]
[White "Sharmin, Khan"]
[Black "Afrin Jahan, Munia"]
[Result "0-1"]
[ECO "D02"]
[WhiteElo "1290"]
[BlackElo "1634"]
[Annotator "NA RC COMBH"]
[PlyCount "142"]
[EventDate "2023.03.22"]
[EventType "team-tourn"]
[EventCountry "BAN"]
[SourceTitle "playchess.com"]
[Source "ChessBase"]
[SourceQuality "1"]
[TimeControl "5400+30"]

1. d4 d5 2. Nf3 Bf5 3. c3 Nf6 4. Bf4 h6 5. e3 Nh5 6. Bg3 Nxg3 7. hxg3 e6 8. Qa4+ c6 9. Qd1 Qb6 10. b3 c5 11. Bd3 Bxd3 12. Qxd3 Nc6 13. O-O Bd6 14. Nbd2 f5 15. Qc2 Qd8 16. Rfe1 h5 17. dxc5 Bxc5 18. Qd1 g5 19. Nd4 Qf6 20. Rc1 g4 21. Kf1 h4 22. gxh4 Rxh4 23. Nxc6 bxc6 24. f4 gxf3 25. Qxf3 Qg5 26. c4 Bb4 27. Rc2 Kd7 28. cxd5 exd5 29. Rd1 Re8 30. Nc4 Rh1+ 31. Ke2 Rxd1 32. Kxd1 dxc4 33. Rxc4 c5 34. Qd5+ Ke7 35. Ke2 Kf8 36. Qf3 Qf6 37. Rc2 f4 38. e4 Qe5 39. g3 Qxe4+ 40. Qxe4 Rxe4+ 41. Kf3 Rd4 42. gxf4 Rd2 43. Rxd2 Bxd2 44. Ke4 Ke7 45. f5 Kf6 46. Kd3 Bb4 47. Ke4 Ba3 48. Kd5 Kxf5 49. Kc6 a5 50. Kb5 Bb4 51. Kc4 Ke4 52. Kb5 Kd4 53. Ka4 Kd3 54. a3 Bd2 55. Kb5 Kc3 56. Ka4 Kb2 57. Kb5 Kxb3 58. Kxc5 Kxa3 59. Kc4 Kb2 60. Kd3 Bc3 61. Kc4 a4 62. Kd3 a3 63. Ke4 a2 64. Kd5 a1=Q 65. Kc4 Qa4+ 66. Kd5 Qd4+ 67. Kc6 Ba5 68. Kb5 Qd5+ 69. Ka4 Bb6 70. Kb4 Qc5+ 71. Ka4 Qa5# 0-1

[Event "WALTON 1st Div Women League 2023"]
[Site "Dhaka"]
[Date "2023.03.26"]
[Round "5.8"]
[White "Mahjabeen, Islam"]
[Black "Kishoara, Shajrin Evana"]
[Result "0-1"]
[ECO "B86"]
[WhiteElo "1180"]
[BlackElo "1544"]
[Annotator "NA RC COMBH"]
[PlyCount "46"]
[EventDate "2023.03.22"]
[EventType "team-tourn"]
[EventCountry "BAN"]
[SourceTitle "playchess.com"]
[Source "ChessBase"]
[SourceQuality "1"]
[TimeControl "5400+30"]

1. e4 c5 2. Nf3 d6 3. Bc4 e6 4. d4 cxd4 5. Nxd4 Nf6 6. Nc3 a6 7. a3 Qc7 8. Be2 Nc6 9. Be3 Nxd4 10. Bxd4 Be7 11. O-O b5 12. b4 e5 13. Nd5 Nxd5 14. Bxe5 Nc3 15. Bxc3 Qxc3 16. Qd5 Ra7 17. f4 Be6 18. Bxb5+ axb5 19. Qxb5+ Rd7 20. Qb8+ Rd8 21. Qb5+ Bd7 22. Qb6 Qxc2 23. Rac1 Qxe4 0-1

[Event "WALTON 1st Div Women League 2023"]
[Site "Dhaka"]
[Date "2023.03.26"]
[Round "5.9"]
[White "Nazia, Jafrin Mohona"]
[Black "Wadifa, Ahmed"]
[Result "0-1"]
[ECO "B47"]
[WhiteElo "1206"]
[BlackElo "1811"]
[Annotator "NA RC COMBH"]
[PlyCount "104"]
[EventDate "2023.03.22"]
[EventType "team-tourn"]
[EventCountry "BAN"]
[SourceTitle "playchess.com"]
[Source "ChessBase"]
[SourceQuality "1"]
[TimeControl "5400+30"]

1. e4 c5 2. Nc3 e6 3. Nf3 a6 4. d4 cxd4 5. Nxd4 Qc7 6. Be2 Nc6 7. Nxc6 bxc6 8. O-O Nf6 9. Be3 d5 10. exd5 cxd5 11. Bd4 Be7 12. Bxf6 Bxf6 13. Bf3 O-O 14. h3 Bxc3 15. bxc3 Qxc3 16. Re1 Bd7 17. Re3 Qc7 18. Bg4 Rac8 19. Re2 Rfd8 20. Rc1 Bb5 21. Re1 Qa5 22. Ra1 h6 23. a4 Bd7 24. Qc1 Rc4 25. Be2 Rxa4 26. Rxa4 Qxa4 27. c4 dxc4 28. Bxc4 Rc8 29. Re4 Bb5 30. Qe1 Bxc4 31. Qd2 Qa1+ 32. Re1 Qa2 33. Qxa2 $19 Bxa2 34. g4 a5 35. Kh2 a4 36. f4 Bd5 37. Kg3 a3 38. f5 a2 39. fxe6 fxe6 40. h4 Rc2 (40... Rb8 $142 41. Ra1 Rb1 42. Rxa2 Bxa2 43. Kf3 Rb4 44. Ke3 e5 45. Kd2 Bd5 46. Ke3 Rb3+ 47. Kf2 e4 48. Kg2 e3+ 49. Kg3 Rb4 50. g5 Re4 51. Kh3 e2 52. gxh6 e1=Q 53. h7+ Kxh7 54. h5 Rh4#) 41. g5 hxg5 42. hxg5 Kf7 43. Kf4 Rf2+ 44. Kg4 Rb2 45. Rf1+ Kg6 46. Ra1 Rb1 47. Rxb1 axb1=Q 48. Kf4 Qc1+ 49. Kg3 Qxg5+ 50. Kf2 Qd2+ 51. Kg3 Kg5 52. Kh3 Qg2# 0-1

[Event "WALTON 1st Div Women League 2023"]
[Site "Dhaka"]
[Date "2023.03.26"]
[Round "5.10"]
[White "Noshin, Anjum"]
[Black "Jarin, Tasnim"]
[Result "1-0"]
[ECO "C78"]
[WhiteElo "1877"]
[BlackElo "1180"]
[Annotator "NA RC COMBH"]
[PlyCount "51"]
[EventDate "2023.03.22"]
[EventType "team-tourn"]
[EventCountry "BAN"]
[SourceTitle "playchess.com"]
[Source "ChessBase"]
[SourceQuality "1"]
[TimeControl "5400+30"]

1. e4 e5 2. Nf3 Nc6 3. Bb5 a6 4. Ba4 b5 5. Bb3 Nf6 6. O-O d6 7. c3 Bb7 8. Re1 Na5 9. Bc2 Nc6 10. d4 Be7 11. Nbd2 O-O 12. Nf1 h6 13. Ng3 Nh7 14. Nf5 Bf6 15. h3 Re8 16. Nh2 Ne7 17. dxe5 dxe5 18. Qd4 Qd7 19. Qxd7 Rac8 20. Qd8 Rcxd8 21. Ng4 Nxf5 22. exf5 Bg5 23. Bxg5 Nxg5 24. Nxe5 f6 25. Bb3+ Kf8 26. Ng6# 1-0

[Event "WALTON 1st Div Women League 2023"]
[Site "Dhaka"]
[Date "2023.03.26"]
[Round "5.11"]
[White "Zowena, Mehbish"]
[Black "Kazi Zarin, Tasnim"]
[Result "0-1"]
[ECO "C50"]
[WhiteElo "1121"]
[BlackElo "1837"]
[Annotator "NA RC COMBH"]
[PlyCount "36"]
[EventDate "2023.03.22"]
[EventType "team-tourn"]
[EventCountry "BAN"]
[SourceTitle "playchess.com"]
[Source "ChessBase"]
[SourceQuality "1"]
[TimeControl "5400+30"]

1. e4 e5 2. Nf3 Nc6 3. Bc4 Bc5 4. Nc3 Nf6 5. d3 a6 6. O-O d6 7. h3 Na5 8. Bb3 O-O 9. Bg5 Nxb3 10. axb3 h6 11. Bh4 g5 12. Bg3 Nh5 13. Bh2 g4 14. Nd2 Qh4 15. Kh1 Bxf2 16. Ne2 g3 17. Bg1 Bg4 18. b4 Nf4 0-1

[Event "WALTON 1st Div Women League 2023"]
[Site "Dhaka"]
[Date "2023.03.26"]
[Round "5.12"]
[White "Warsia, Khusbu"]
[Black "Nusrat Jahan, Alo"]
[Result "1-0"]
[ECO "C50"]
[WhiteElo "1836"]
[BlackElo "1787"]
[Annotator "NA RC COMBH"]
[PlyCount "29"]
[EventDate "2023.03.22"]
[EventType "team-tourn"]
[EventCountry "BAN"]
[SourceTitle "playchess.com"]
[Source "ChessBase"]
[SourceQuality "1"]
[TimeControl "5400+30"]

1. e4 e5 2. Nf3 Nc6 3. Bc4 Bc5 4. O-O Nf6 5. d3 d6 6. h3 a6 7. Bg5 h6 8. Bh4 O-O 9. Nc3 b5 10. Bb3 Bb7 11. Nd5 g5 12. Nxg5 Nxd5 13. exd5 hxg5 14. dxc6 Bxc6 15. Qg4 1-0

[Event "WALTON 1st Div Women League 2023"]
[Site "Dhaka"]
[Date "2023.03.26"]
[Round "5.13"]
[White "Sidratul, Muntaha"]
[Black "Jannatul, Ferdous"]
[Result "0-1"]
[ECO "C13"]
[WhiteElo "1185"]
[BlackElo "1697"]
[Annotator "NA RC COMBH"]
[PlyCount "64"]
[EventDate "2023.03.22"]
[EventType "team-tourn"]
[EventCountry "BAN"]
[SourceTitle "playchess.com"]
[Source "ChessBase"]
[SourceQuality "1"]
[TimeControl "5400+30"]

1. d4 d5 2. Nc3 Nf6 3. Bg5 e6 4. e4 dxe4 5. Nxe4 Nbd7 6. Ng3 h6 7. Be3 Be7 8. Nf3 O-O 9. Bc4 Nb6 10. Bb3 a5 11. a4 Nbd5 12. Qd2 b6 13. Bxd5 Nxd5 14. c3 Ba6 15. Ne2 Bd6 16. g3 Bb7 17. Rg1 Nxc3 18. Nxc3 Bxf3 19. Nb5 Bb4 20. Nc3 Re8 21. Qd3 Qf6 22. Bf4 e5 23. dxe5 Qc6 24. g4 Rad8 25. Qc2 Rd4 26. Bg3 Re4+ 27. Kd2 Re2+ 28. Kd1 Rd8+ 29. Kc1 Rxc2+ 30. Kxc2 Be4+ 31. Kb3 Qe6+ 32. Nd5 Qxd5# 0-1

[Event "WALTON 1st Div Women League 2023"]
[Site "Dhaka"]
[Date "2023.03.26"]
[Round "5.14"]
[White "Nusrat Jahan, Alo"]
[Black "Sonia, Akhter"]
[Result "1-0"]
[ECO "C50"]
[WhiteElo "1787"]
[BlackElo "1180"]
[Annotator "NA RC COMBH"]
[PlyCount "87"]
[EventDate "2023.03.22"]
[EventType "team-tourn"]
[EventCountry "BAN"]
[SourceTitle "playchess.com"]
[Source "ChessBase"]
[SourceQuality "1"]
[TimeControl "5400+30"]

1. e4 e5 2. Nf3 Nc6 3. Bc4 h6 4. c3 d6 5. d4 Bg4 6. d5 Nb8 7. O-O Nf6 8. Re1 Be7 9. h3 Bh5 10. Qb3 b6 11. Bb5+ Nbd7 12. Bc6 Rb8 13. c4 O-O 14. Nbd2 Nc5 15. Qc3 a5 16. a3 Bxf3 17. Qxf3 Nh7 18. b4 Nb7 19. Nb3 Qc8 20. Bxb7 Qxb7 21. bxa5 b5 22. cxb5 Qxb5 23. Rb1 Qd7 24. Bd2 Rb7 25. Bb4 c5 26. dxc6 Qxc6 27. Rbc1 Qd7 28. Red1 Ng5 29. Qe2 Qe6 30. Rc3 Rd8 31. a6 Rbd7 32. Na5 Ra8 33. Rc6 Qg6 34. Qg4 Rda7 35. Rc8+ Rxc8 36. Qxc8+ Kh7 37. Nc6 Qf6 38. Nxa7 Nxe4 39. Qc2 Qg6 40. f3 f5 41. fxe4 Bd8 42. Rxd6 Qg3 43. Rxd8 Qe3+ 44. Qf2 1-0

[Event "WALTON 1st Div Women League 2023"]
[Site "Dhaka"]
[Date "2023.03.27"]
[Round "6.1"]
[White "Rashma, Alam"]
[Black "Nusrat Jahan, Alo"]
[Result "0-1"]
[ECO "C00"]
[WhiteElo "1047"]
[BlackElo "1787"]
[Annotator "NA RC COMBH"]
[PlyCount "82"]
[EventDate "2023.03.22"]
[EventType "team-tourn"]
[EventCountry "BAN"]
[SourceTitle "playchess.com"]
[Source "ChessBase"]
[SourceQuality "1"]
[TimeControl "5400+30"]

1. e4 c5 2. d3 e6 3. Nh3 Nc6 4. c3 d5 5. Be3 d4 6. cxd4 cxd4 7. Bd2 Qb6 8. b3 a5 9. Ng5 a4 10. bxa4 Qb2 11. Na3 Qxa3 12. Bc1 Bb4+ 13. Bd2 Qxa4 14. Qxa4 Bxd2+ 15. Kxd2 Rxa4 16. Nf3 e5 17. Be2 f6 18. Rhc1 Be6 19. Rc2 Kd7 20. Bd1 Bb3 21. Rb2 Bxd1 22. Rxd1 Kc7 23. Rc1 Nge7 24. Ne1 Rha8 25. Ra1 Rb4 26. Rc2 b5 27. Rc5 Kd6 28. Rcc1 Rba4 29. Rc2 Nb4 30. Rb2 Rxa2 31. Raxa2 Rxa2 32. Rxa2 Nxa2 33. Kc2 Kc5 34. Kb3 Nc3 35. Nc2 Nc6 36. Na3 Na5+ 37. Kc2 b4 38. Nb1 b3+ 39. Kb2 Kb4 40. Nd2 Nd1+ 41. Kc1 Nxf2 0-1